Avalanche vs Senators

Created - 24 novembre 2017 at 17:26

Goals
1 2 3 T
Avalanche 1 1 1 3
Senators 0 0 2 2
Shots
1 2 3 T
Avalanche 4 5 4 13
Senators 12 4 13 29

1st period

1. Avalanche , Tomas Hertl 2 (Max Domi 4) at 7:38

Penalties :
Deryk Engelland (COL) for Slashing (Minor) at 0:35, Dylan Larkin (COL) for High sticking (Double Minor) at 10:14, Drew Miller (OTT) for High sticking (Minor) at 18:30

2nd period

2. Avalanche , Dylan Larkin 7 (Kevin Shattenkirk 13, Jaccob Slavin 8) at 2:59

Penalties :
No Penalty

3rd period

3. Senators , Brayden Schenn 9 (Bobby Ryan 11) at 10:07
4. Senators , Tyler Seguin 9 (Mark Stone 15, Mike Hoffman 15) at 12:18
5. Avalanche , Tomas Hertl 3 (Max Domi 5, Zach Werenski 12) at 12:59

Penalties :
Martin Hanzal (COL) for Roughing (Minor) at 3:14, Michael Stone (OTT) for High sticking (Minor) at 13:27, Brayden Schenn (OTT) for Fighting (Major) at 18:00, Max Domi (COL) for Fighting (Major) at 18:00, Sami Vatanen (COL) for Interference (Minor) at 18:50

Goalie Stats

Jake Allen (COL), 27 saves from 29 shots - (0.931), W, 9-6-0, 60:00 minutes
Tuukka Rask (OTT), 10 saves from 13 shots - (0.769), L, 10-8-4, 59:07 minutes

Players Stats for Avalanche

Player Name              G  A  P  +/- PIM S  H  SB GA TA FO     MP     PP MP  PK MP  
------------------------------------------------------------------------------------
Alexander Steen          0  0  0  -1  0   1  0  0  0  0  2/2    18:00   0:00   1:41 
Alexandre Burrows        0  0  0   0  0   0  0  0  0  0  0/1     3:01   0:00   0:00 
Brandon Carlo            0  0  0  -1  0   1  2  2  0  0  0/0    16:56   0:00   2:37 
Derek Stepan             0  0  0  -1  0   0  0  0  0  0  6/16   20:54   1:47   0:30 
Deryk Engelland          0  0  0   1  2   0  1  1  0  0  0/0    17:13   0:00   2:58 
Dylan Larkin             1  0  1   3  4   2  0  0  0  0  0/1    14:20   0:00   0:32 
Jaccob Slavin            0  1  1   1  0   0  0  1  0  0  0/0    19:21   0:00   4:38 
Jeff Skinner             0  0  0  -1  0   2  1  0  0  0  0/0    19:18   1:47   3:01 
Kevin Shattenkirk        0  1  1   1  0   1  3  0  0  0  0/0    20:23   2:02   0:00 
Martin Hanzal            0  0  0  -1  2   1  3  0  0  0  11/16  20:32   2:11   3:52 
Mats Zuccarello          0  0  0  -1  0   2  1  0  0  0  0/1    18:30   2:11   0:00 
Matt Cullen              0  0  0   0  0   0  0  0  0  0  2/3     6:40   0:00   3:39 
Max Domi                 0  2  2   3  5   0  0  0  0  0  1/3    14:52   1:47   0:00 
Mitch Marner             0  0  0  -1  0   1  0  0  0  0  1/1    16:41   2:11   0:00 
Sami Vatanen             0  0  0  -1  2   0  0  0  0  0  0/0    19:34   1:56   4:03 
Tomas Hertl              2  0  2   3  0   2  1  0  0  0  15/29  18:03   0:00   4:57 
Tyson Barrie             0  0  0   0  0   0  0  0  0  0  0/0     6:17   1:56   0:00 
Zach Werenski            0  1  1   1  0   0  2  1  0  0  0/0    20:14   2:02   3:56 

Players Stats for Senators

Player Name              G  A  P  +/- PIM S  H  SB GA TA FO     MP     PP MP  PK MP  
------------------------------------------------------------------------------------
Anton Lander             0  0  0   0  0   2  0  0  0  0  7/12    7:32   0:00   0:54 
Bobby Ryan               0  1  1   0  0   0  0  0  0  0  0/0    15:48   4:08   0:00 
Brayden Schenn           1  0  1   0  5   3  2  0  0  0  0/1    19:03   3:48   2:49 
Derick Brassard          0  0  0   0  0   5  1  0  0  0  8/22   16:46   4:08   0:58 
Devin Setoguchi          0  0  0   0  0   0  0  0  0  0  0/0     7:14   0:36   0:00 
Drew Doughty             0  0  0   1  0   2  1  1  0  0  0/0    25:22   4:00   2:33 
Drew Miller              0  0  0  -1  2   1  0  0  0  0  1/1    11:53   0:00   0:11 
Jason Garrison           0  0  0  -1  0   1  0  0  0  0  0/0    21:29   5:02   1:25 
Jussi Jokinen            0  0  0  -1  0   2  0  0  0  0  1/1    14:02   1:55   0:00 
Kevin Bieksa             0  0  0  -1  0   1  0  0  0  0  0/0    21:40   5:02   1:36 
Lauri Korpikoski         0  0  0   0  0   0  0  0  0  0  0/0     6:38   0:00   0:00 
Mark Stone               0  1  1   0  0   2  3  0  0  0  0/1    21:17   4:22   0:00 
Markus Granlund          0  0  0  -1  0   1  0  0  0  0  5/8    13:04   0:36   0:00 
Michael Stone            0  0  0   1  2   1  2  2  0  0  0/0    22:55   3:18   0:49 
Mike Hoffman             0  1  1   0  0   2  1  0  0  0  1/3    21:16   3:23   0:58 
Robbie Russo             0  0  0  -1  0   0  0  0  0  0  0/0    12:11   0:50   0:12 
Tyler Seguin             1  0  1   0  0   5  1  0  0  0  12/24  23:23   4:22   2:06 
Zbynek Michalek          0  0  0  -1  0   1  0  1  0  0  0/0    14:26   0:00   1:21 

3 Stars

1 - Tomas Hertl (COL)
2 - Kevin Shattenkirk (COL)
3 - Tyler Seguin (OTT)

Power Play

Avalanche - 0 on 2 Attempt(s) - 0.00%
Senators - 0 on 5 Attempt(s) - 0.00%

Penalty Kill

Avalanche - 5 on 5 Attempt(s) - 100.00% - Score 0 goal in Penalty Kill
Senators - 2 on 2 Attempt(s) - 100.00% - Score 0 goal in Penalty Kill

Team Stat

Avalanche - Hits : 14 - Faceoff Wins : 38 - Blocked Shots : 5 - Penalty Minutes : 15
Senators - Hits : 11 - Faceoff Wins : 35 - Blocked Shots : 4 - Penalty Minutes : 9

Official

Referees : Kyle Rehman and Dennis LaRue
Linesman : Brad Kovachik and Scott Driscoll

Game Notes

Brayden Schenn beats up Max Domi at 18:00 of 3rd period

Finance

Level 1 -- Attendance: 6500 (100.00%) -- Ticket Income 650 000 $
Level 2 -- Attendance: 4695 (93.90%) -- Ticket Income 281 700 $
Level 3 -- Attendance: 3420 (97.71%) -- Ticket Income 119 700 $
Level 4 -- Attendance: 2869 (90.99%) -- Ticket Income 86 070 $
Luxury Box -- Attendance: 682 (68.20%) -- Ticket Income 170 500 $
Game was played at the Canadian Tire Centre.
Total Attendance: 18166 (94.85%)
Total Ticket Income: 1 307 970 $
Other Income: 196 196 $
Total Income: 1 504 166 $

% Time on Ice - Avalanche

Lines # - Real PCT - Wanted PCT - Time Play
Normal Forward
1 - 35% - 35% - 16:19
2 - 31% - 30% - 14:30
3 - 28% - 25% - 13:06
4 - 6% - 10% - 3:01
Normal Defense
1 - 31% - 35% - 14:43
2 - 30% - 32% - 14:16
3 - 29% - 30% - 13:36
4 - 9% - 3% - 4:21
PP Forward
1 - 55% - 50% - 2:11
2 - 45% - 50% - 1:47
PP Defense
1 - 51% - 50% - 2:02
2 - 49% - 50% - 1:56
PK Forward
1 - 74% - 60% - 6:45
2 - 26% - 40% - 2:21
PK Defense
1 - 57% - 60% - 5:10
2 - 43% - 40% - 3:56
PK3 Forward
1 - 0% - 60%
2 - 0% - 40%
PK3 Defense
1 - 0% - 60%
2 - 0% - 40%
44 Forward
1 - 0% - 50%
2 - 0% - 50%
44 Defense
1 - 0% - 50%
2 - 0% - 50%
Last Minute Offensive  - 0:00
Last Minute Defensive  - 0:00
Total
Forward - 60:00
Defense - 60:00

% Time on Ice - Senators

Lines # - Real PCT - Wanted PCT - Time Play
Normal Forward
1 - 36% - 40% - 16:55
2 - 25% - 30% - 11:40
3 - 25% - 20% - 11:43
4 - 14% - 10% - 6:38
Normal Defense
1 - 37% - 40% - 17:31
2 - 32% - 30% - 15:02
3 - 28% - 20% - 13:05
4 - 3% - 10% - 1:18
PP Forward
1 - 55% - 60% - 4:58
2 - 45% - 40% - 4:08
PP Defense
1 - 45% - 60% - 4:04
2 - 55% - 40% - 5:02
PK Forward
1 - 76% - 60% - 3:00
2 - 24% - 40% - 0:58
PK Defense
1 - 69% - 60% - 2:45
2 - 31% - 40% - 1:13
PK3 Forward
1 - 0% - 60%
2 - 0% - 40%
PK3 Defense
1 - 0% - 60%
2 - 0% - 40%
44 Forward
1 - 0% - 60%
2 - 0% - 40%
44 Defense
1 - 0% - 60%
2 - 0% - 40%
Last Minute Offensive  - 0:00
Last Minute Defensive  - 0:00
Total
Forward - 60:00
Defense - 60:00

Play by Play

1st period


0:01 of 1st period - Tyler Seguin wins face-off versus Mats Zuccarello in neutral zone.
0:08 of 1st period - Shot by Mike Hoffman.
0:08 of 1st period - Shot Misses the Net.
0:10 of 1st period - Shot by Michael Stone.
0:10 of 1st period - Stopped by Jake Allen without a rebound.
0:11 of 1st period - Martin Hanzal wins face-off versus Derick Brassard in Avalanche zone.
0:35 of 1st period - Minor Penalty to Deryk Engelland for Slashing.
0:36 of 1st period - Tomas Hertl wins face-off versus Brayden Schenn in Avalanche zone.
1:26 of 1st period - Off-side.
1:27 of 1st period - Mike Hoffman wins face-off versus Tomas Hertl in neutral zone.
1:41 of 1st period - Shot by Kevin Bieksa.
1:41 of 1st period - Stopped by Jake Allen without a rebound.
1:42 of 1st period - Tomas Hertl wins face-off versus Derick Brassard in Avalanche zone.
1:50 of 1st period - Icing by Mike Hoffman.
1:51 of 1st period - Tomas Hertl wins face-off versus Derick Brassard in Senators zone.
2:02 of 1st period - Shot by Tomas Hertl.
2:02 of 1st period - Deflect By Martin Hanzal.
2:02 of 1st period - Shot Misses the Net.
2:45 of 1st period - Icing by Derek Stepan.
2:46 of 1st period - Anton Lander wins face-off versus Derek Stepan in Avalanche zone.
3:23 of 1st period - Shot by Alexander Steen.
3:23 of 1st period - Stopped by Tuukka Rask without a rebound.
3:24 of 1st period - Max Domi wins face-off versus Tyler Seguin in Senators zone.
3:45 of 1st period - Shot by Dylan Larkin.
3:45 of 1st period - Stopped by Tuukka Rask without a rebound.
3:46 of 1st period - Martin Hanzal wins face-off versus Derick Brassard in Senators zone.
3:54 of 1st period - Icing by Kevin Bieksa.
3:55 of 1st period - Derick Brassard wins face-off versus Matt Cullen in Senators zone.
4:25 of 1st period - Shot by Matt Cullen.
4:25 of 1st period - Shot Misses the Net.
4:31 of 1st period - Shot by Derek Stepan.
4:31 of 1st period - Shot Misses the Net.
5:15 of 1st period - Shot by Jeff Skinner.
5:15 of 1st period - Stopped by Tuukka Rask with a rebound.
5:26 of 1st period - Jason Garrison is hit by Brandon Carlo and loses puck.
5:56 of 1st period - Icing by Tyler Seguin.
5:57 of 1st period - Tyler Seguin wins face-off versus Derek Stepan in Senators zone.
6:04 of 1st period - Shot by Mark Stone.
6:04 of 1st period - Shot Blocked by Zach Werenski.
7:23 of 1st period - Off-side.
7:24 of 1st period - Tyler Seguin wins face-off versus Tomas Hertl in neutral zone.
7:38 of 1st period - Shot by Tomas Hertl.
7:38 of 1st period - Goal by Tomas Hertl - Avalanche : 1 - Senators : 0.
7:39 of 1st period - Mitch Marner wins face-off versus Anton Lander in neutral zone.
7:41 of 1st period - Off-side.
7:42 of 1st period - Anton Lander wins face-off versus Tomas Hertl in neutral zone.
8:11 of 1st period - Shot by Devin Setoguchi.
8:11 of 1st period - Shot Misses the Net.
8:13 of 1st period - Shot by Anton Lander.
8:13 of 1st period - Stopped by Jake Allen without a rebound.
8:14 of 1st period - Tyler Seguin wins face-off versus Martin Hanzal in Avalanche zone.
8:15 of 1st period - Shot by Mark Stone.
8:15 of 1st period - Shot Misses the Net.
8:35 of 1st period - Shot by Mark Stone.
8:35 of 1st period - Deflect By Mike Hoffman.
8:35 of 1st period - Shot Hit the Post.
9:33 of 1st period - Shot by Jussi Jokinen.
9:33 of 1st period - Stopped by Jake Allen without a rebound.
9:34 of 1st period - Tomas Hertl wins face-off versus Derick Brassard in Avalanche zone.
9:46 of 1st period - Dylan Larkin is hit by Brayden Schenn and loses puck.
10:14 of 1st period - Double Minor Penalty to Dylan Larkin for High sticking.
10:15 of 1st period - Tomas Hertl wins face-off versus Tyler Seguin in Avalanche zone.
10:58 of 1st period - Bobby Ryan is hit by Jeff Skinner and loses puck.
11:34 of 1st period - Icing by Kevin Bieksa.
11:35 of 1st period - Tyler Seguin wins face-off versus Tomas Hertl in Senators zone.
11:35 of 1st period - Tyler Seguin is hit by Martin Hanzal.
11:45 of 1st period - Shot by Mark Stone.
11:45 of 1st period - Stopped by Jake Allen without a rebound.
11:46 of 1st period - Tomas Hertl wins face-off versus Derick Brassard in Avalanche zone.
11:55 of 1st period - Shot by Drew Doughty.
11:55 of 1st period - Stopped by Jake Allen without a rebound.
11:56 of 1st period - Tyler Seguin wins face-off versus Tomas Hertl in Avalanche zone.
12:21 of 1st period - Shot by Brayden Schenn.
12:21 of 1st period - Deflect By Tyler Seguin.
12:21 of 1st period - Stopped by Jake Allen without a rebound.
12:22 of 1st period - Derick Brassard wins face-off versus Tomas Hertl in Avalanche zone.
13:14 of 1st period - Mark Stone is hit by Deryk Engelland and loses puck.
13:29 of 1st period - Shot by Tyler Seguin.
13:29 of 1st period - Stopped by Jake Allen without a rebound.
13:30 of 1st period - Tomas Hertl wins face-off versus Derick Brassard in Avalanche zone.
14:37 of 1st period - Shot by Jussi Jokinen.
14:37 of 1st period - Stopped by Jake Allen with a rebound.
15:42 of 1st period - Drew Doughty is hit by Zach Werenski and loses puck.
16:06 of 1st period - Shot by Tyler Seguin.
16:06 of 1st period - Shot Misses the Net.
16:20 of 1st period - Shot by Mike Hoffman.
16:20 of 1st period - Deflect By Mark Stone.
16:20 of 1st period - Stopped by Jake Allen without a rebound.
16:21 of 1st period - Matt Cullen wins face-off versus Derick Brassard in Avalanche zone.
16:34 of 1st period - Shot by Derick Brassard.
16:34 of 1st period - Stopped by Jake Allen without a rebound.
16:35 of 1st period - Derek Stepan wins face-off versus Markus Granlund in Avalanche zone.
16:39 of 1st period - Icing by Mats Zuccarello.
16:40 of 1st period - Derick Brassard wins face-off versus Derek Stepan in Avalanche zone.
17:42 of 1st period - Tyler Seguin is hit by Brandon Carlo and loses puck.
18:30 of 1st period - Minor Penalty to Drew Miller for High sticking.
18:31 of 1st period - Tyler Seguin wins face-off versus Martin Hanzal in Senators zone.
19:14 of 1st period - Shot by Derick Brassard.
19:14 of 1st period - Stopped by Jake Allen without a rebound.
19:15 of 1st period - Anton Lander wins face-off versus Derek Stepan in Avalanche zone.
Goals for this period are 1 for Avalanche vs 0 for Senators.
Shots for this period are 4 for Avalanche vs 12 for Senators.

2nd period


0:01 of 2nd period - Martin Hanzal wins face-off versus Tyler Seguin in neutral zone.
1:17 of 2nd period - Icing by Drew Doughty.
1:18 of 2nd period - Markus Granlund wins face-off versus Derek Stepan in Senators zone.
1:49 of 2nd period - Shot by Derek Stepan.
1:49 of 2nd period - Shot Misses the Net.
2:45 of 2nd period - Shot by Jeff Skinner.
2:45 of 2nd period - Shot Misses the Net.
2:47 of 2nd period - Shot by Brandon Carlo.
2:47 of 2nd period - Stopped by Tuukka Rask without a rebound.
2:48 of 2nd period - Tomas Hertl wins face-off versus Derick Brassard in Senators zone.
2:59 of 2nd period - Shot by Dylan Larkin.
2:59 of 2nd period - Goal by Dylan Larkin - Avalanche : 2 - Senators : 0.
3:00 of 2nd period - Anton Lander wins face-off versus Tomas Hertl in neutral zone.
3:02 of 2nd period - Off-side.
3:03 of 2nd period - Derick Brassard wins face-off versus Max Domi in neutral zone.
3:16 of 2nd period - Shot by Brayden Schenn.
3:16 of 2nd period - Stopped by Jake Allen without a rebound.
3:17 of 2nd period - Markus Granlund wins face-off versus Derek Stepan in Avalanche zone.
4:31 of 2nd period - Off-side.
4:32 of 2nd period - Tyler Seguin wins face-off versus Tomas Hertl in neutral zone.
6:53 of 2nd period - Deryk Engelland is hit by Brayden Schenn and loses puck.
7:01 of 2nd period - Icing by Martin Hanzal.
7:02 of 2nd period - Martin Hanzal wins face-off versus Mike Hoffman in Avalanche zone.
7:06 of 2nd period - Off-side.
7:07 of 2nd period - Matt Cullen wins face-off versus Tyler Seguin in neutral zone.
7:09 of 2nd period - Off-side.
7:10 of 2nd period - Derek Stepan wins face-off versus Tyler Seguin in neutral zone.
7:13 of 2nd period - Shot by Alexander Steen.
7:13 of 2nd period - Shot Misses the Net.
7:15 of 2nd period - Shot by Kevin Shattenkirk.
7:15 of 2nd period - Shot Blocked by Michael Stone.
7:17 of 2nd period - Shot by Kevin Shattenkirk.
7:17 of 2nd period - Stopped by Tuukka Rask without a rebound.
7:18 of 2nd period - Derek Stepan wins face-off versus Tyler Seguin in Senators zone.
7:27 of 2nd period - Shot by Mats Zuccarello.
7:27 of 2nd period - Shot Misses the Net.
7:47 of 2nd period - Shot by Mike Hoffman.
7:47 of 2nd period - Shot Misses the Net.
7:49 of 2nd period - Shot by Mike Hoffman.
7:49 of 2nd period - Stopped by Jake Allen without a rebound.
7:50 of 2nd period - Martin Hanzal wins face-off versus Markus Granlund in Avalanche zone.
9:40 of 2nd period - Shot by Mike Hoffman.
9:40 of 2nd period - Stopped by Jake Allen with a rebound.
11:54 of 2nd period - Shot by Dylan Larkin.
11:54 of 2nd period - Shot Misses the Net.
12:53 of 2nd period - Shot by Alexander Steen.
12:53 of 2nd period - Shot Misses the Net.
13:32 of 2nd period - Mike Hoffman is hit by Tomas Hertl and loses puck.
13:52 of 2nd period - Tomas Hertl is hit by Tyler Seguin and loses puck.
14:22 of 2nd period - Shot by Mitch Marner.
14:22 of 2nd period - Stopped by Tuukka Rask without a rebound.
14:23 of 2nd period - Martin Hanzal wins face-off versus Derick Brassard in Senators zone.
15:11 of 2nd period - Devin Setoguchi is hit by Martin Hanzal and loses puck.
15:19 of 2nd period - Icing by Kevin Bieksa.
15:20 of 2nd period - Derek Stepan wins face-off versus Anton Lander in Senators zone.
15:25 of 2nd period - Shot by Mats Zuccarello.
15:25 of 2nd period - Shot Misses the Net.
15:29 of 2nd period - Shot by Mats Zuccarello.
15:29 of 2nd period - Stopped by Tuukka Rask without a rebound.
15:30 of 2nd period - Anton Lander wins face-off versus Tomas Hertl in Senators zone.
16:39 of 2nd period - Shot by Derick Brassard.
16:39 of 2nd period - Shot Blocked by Brandon Carlo.
18:05 of 2nd period - Icing by Deryk Engelland.
18:06 of 2nd period - Martin Hanzal wins face-off versus Anton Lander in Avalanche zone.
18:28 of 2nd period - Shot by Drew Doughty.
18:28 of 2nd period - Shot Misses the Net.
19:02 of 2nd period - Shot by Tyler Seguin.
19:02 of 2nd period - Stopped by Jake Allen without a rebound.
19:03 of 2nd period - Derek Stepan wins face-off versus Tyler Seguin in Avalanche zone.
19:47 of 2nd period - Icing by Sami Vatanen.
19:48 of 2nd period - Markus Granlund wins face-off versus Tomas Hertl in Avalanche zone.
Goals for this period are 1 for Avalanche vs 0 for Senators.
Shots for this period are 5 for Avalanche vs 4 for Senators.

3rd period


0:01 of 3rd period - Tyler Seguin wins face-off versus Derek Stepan in neutral zone.
0:01 of 3rd period - Mike Hoffman is hit by Mats Zuccarello and loses puck.
1:07 of 3rd period - Shot by Derick Brassard.
1:07 of 3rd period - Stopped by Jake Allen without a rebound.
1:08 of 3rd period - Tomas Hertl wins face-off versus Markus Granlund in Avalanche zone.
1:13 of 3rd period - Shot by Max Domi.
1:13 of 3rd period - Shot Misses the Net.
1:32 of 3rd period - Shot by Drew Miller.
1:32 of 3rd period - Stopped by Jake Allen without a rebound.
1:33 of 3rd period - Derick Brassard wins face-off versus Martin Hanzal in Avalanche zone.
1:54 of 3rd period - Shot by Derick Brassard.
1:54 of 3rd period - Stopped by Jake Allen with a rebound.
1:56 of 3rd period - Shot by Brayden Schenn.
1:56 of 3rd period - Stopped by Jake Allen without a rebound.
1:57 of 3rd period - Alexander Steen wins face-off versus Mike Hoffman in Avalanche zone.
1:57 of 3rd period - Alexander Steen is hit by Mark Stone.
2:00 of 3rd period - Derek Stepan is hit by Mike Hoffman and loses puck.
2:26 of 3rd period - Shot by Tyler Seguin.
2:26 of 3rd period - Shot Misses the Net.
3:03 of 3rd period - Shot by Zach Werenski.
3:03 of 3rd period - Shot Blocked by Drew Doughty.
3:05 of 3rd period - Shot by Deryk Engelland.
3:05 of 3rd period - Shot Blocked by Michael Stone.
3:14 of 3rd period - Minor Penalty to Martin Hanzal for Roughing.
3:15 of 3rd period - Tomas Hertl wins face-off versus Derick Brassard in Avalanche zone.
4:20 of 3rd period - Drew Doughty is hit by Zach Werenski and loses puck.
5:45 of 3rd period - Shot by Mitch Marner.
5:45 of 3rd period - Deflect By Martin Hanzal.
5:45 of 3rd period - Shot Blocked by Zbynek Michalek.
6:24 of 3rd period - Icing by Michael Stone.
6:25 of 3rd period - Drew Miller wins face-off versus Derek Stepan in Senators zone.
6:32 of 3rd period - Shot by Markus Granlund.
6:32 of 3rd period - Stopped by Jake Allen without a rebound.
6:33 of 3rd period - Derick Brassard wins face-off versus Derek Stepan in Avalanche zone.
7:18 of 3rd period - Deryk Engelland is hit by Michael Stone and loses puck.
7:27 of 3rd period - Shot by Mark Stone.
7:27 of 3rd period - Deflect By Tyler Seguin.
7:27 of 3rd period - Shot Misses the Net.
7:57 of 3rd period - Shot by Drew Miller.
7:57 of 3rd period - Shot Blocked by Brandon Carlo.
7:59 of 3rd period - Shot by Zbynek Michalek.
7:59 of 3rd period - Stopped by Jake Allen without a rebound.
8:00 of 3rd period - Tomas Hertl wins face-off versus Anton Lander in Avalanche zone.
8:08 of 3rd period - Icing by Anton Lander.
8:09 of 3rd period - Tomas Hertl wins face-off versus Anton Lander in Senators zone.
8:27 of 3rd period - Devin Setoguchi is hit by Kevin Shattenkirk and loses puck.
8:47 of 3rd period - Icing by Kevin Shattenkirk.
8:48 of 3rd period - Derick Brassard wins face-off versus Tomas Hertl in Avalanche zone.
8:59 of 3rd period - Icing by Tomas Hertl.
9:00 of 3rd period - Tomas Hertl wins face-off versus Tyler Seguin in Avalanche zone.
9:00 of 3rd period - Tomas Hertl is hit by Mark Stone.
9:15 of 3rd period - Drew Doughty is hit by Kevin Shattenkirk and loses puck.
10:07 of 3rd period - Shot by Brayden Schenn.
10:07 of 3rd period - Goal by Brayden Schenn - Avalanche : 2 - Senators : 1.
10:08 of 3rd period - Jussi Jokinen wins face-off versus Martin Hanzal in neutral zone.
10:39 of 3rd period - Icing by Kevin Bieksa.
10:40 of 3rd period - Markus Granlund wins face-off versus Derek Stepan in Senators zone.
11:18 of 3rd period - Shot by Bobby Ryan.
11:18 of 3rd period - Shot Misses the Net.
11:32 of 3rd period - Shot by Derick Brassard.
11:32 of 3rd period - Stopped by Jake Allen with a rebound.
12:18 of 3rd period - Shot by Tyler Seguin.
12:18 of 3rd period - Goal by Tyler Seguin - Avalanche : 2 - Senators : 2.
12:19 of 3rd period - Anton Lander wins face-off versus Dylan Larkin in neutral zone.
12:23 of 3rd period - Off-side.
12:24 of 3rd period - Markus Granlund wins face-off versus Max Domi in neutral zone.
12:59 of 3rd period - Shot by Max Domi.
12:59 of 3rd period - Deflect By Tomas Hertl.
12:59 of 3rd period - Goal by Tomas Hertl - Avalanche : 3 - Senators : 2.
13:00 of 3rd period - Martin Hanzal wins face-off versus Tyler Seguin in neutral zone.
13:00 of 3rd period - Martin Hanzal is hit by Mark Stone.
13:09 of 3rd period - Icing by Michael Stone.
13:10 of 3rd period - Derek Stepan wins face-off versus Tyler Seguin in Senators zone.
13:10 of 3rd period - Derek Stepan is hit by Drew Doughty.
13:15 of 3rd period - Mats Zuccarello is hit by Michael Stone and loses puck.
13:27 of 3rd period - Minor Penalty to Michael Stone for High sticking.
13:28 of 3rd period - Tyler Seguin wins face-off versus Martin Hanzal in Senators zone.
13:37 of 3rd period - Brayden Schenn is hit by Martin Hanzal and loses puck.
13:48 of 3rd period - Shot by Martin Hanzal.
13:48 of 3rd period - Stopped by Tuukka Rask with a rebound.
14:11 of 3rd period - Martin Hanzal is hit by Derick Brassard and loses puck.
15:59 of 3rd period - Shot by Alexandre Burrows.
15:59 of 3rd period - Shot Misses the Net.
16:36 of 3rd period - Shot by Lauri Korpikoski.
16:36 of 3rd period - Shot Misses the Net.
16:38 of 3rd period - Shot by Zbynek Michalek.
16:38 of 3rd period - Deflect By Devin Setoguchi.
16:38 of 3rd period - Shot Misses the Net.
16:46 of 3rd period - Shot by Anton Lander.
16:46 of 3rd period - Stopped by Jake Allen without a rebound.
16:47 of 3rd period - Martin Hanzal wins face-off versus Mark Stone in Avalanche zone.
17:10 of 3rd period - Tyler Seguin is hit by Kevin Shattenkirk and loses puck.
17:45 of 3rd period - Icing by Brandon Carlo.
17:46 of 3rd period - Derick Brassard wins face-off versus Tomas Hertl in Avalanche zone.
18:00 of 3rd period - Brayden Schenn beats up Max Domi.
18:00 of 3rd period - Penalty to Brayden Schenn for Fighting.
18:00 of 3rd period - Penalty to Max Domi for Fighting.
18:01 of 3rd period - Anton Lander wins face-off versus Alexandre Burrows in neutral zone.
18:03 of 3rd period - Off-side.
18:04 of 3rd period - Alexander Steen wins face-off versus Derick Brassard in neutral zone.
18:27 of 3rd period - Shot by Derek Stepan.
18:27 of 3rd period - Deflect By Mats Zuccarello.
18:27 of 3rd period - Stopped by Tuukka Rask without a rebound.
18:28 of 3rd period - Martin Hanzal wins face-off versus Tyler Seguin in Senators zone.
18:33 of 3rd period - Shot by Mitch Marner.
18:33 of 3rd period - Deflect By Jeff Skinner.
18:33 of 3rd period - Stopped by Tuukka Rask without a rebound.
18:34 of 3rd period - Martin Hanzal wins face-off versus Tyler Seguin in Senators zone.
18:50 of 3rd period - Minor Penalty to Sami Vatanen for Interference.
18:51 of 3rd period - Tyler Seguin wins face-off versus Tomas Hertl in Avalanche zone.
19:00 of 3rd period - Senators, Tuukka Rask is pulled from the net.
19:00 of 3rd period - Shot by Tyler Seguin.
19:00 of 3rd period - Shot Misses the Net.
19:02 of 3rd period - Shot by Jason Garrison.
19:02 of 3rd period - Stopped by Jake Allen with a rebound.
19:08 of 3rd period - Shot by Jussi Jokinen.
19:08 of 3rd period - Shot Blocked by Jaccob Slavin.
19:10 of 3rd period - Shot by Kevin Bieksa.
19:10 of 3rd period - Shot Misses the Net.
19:16 of 3rd period - Shot by Mark Stone.
19:16 of 3rd period - Deflect By Tyler Seguin.
19:16 of 3rd period - Shot Misses the Net.
19:18 of 3rd period - Shot by Tyler Seguin.
19:18 of 3rd period - Stopped by Jake Allen without a rebound.
19:19 of 3rd period - Tomas Hertl wins face-off versus Derick Brassard in Avalanche zone.
19:27 of 3rd period - Icing by Drew Doughty.
19:28 of 3rd period - Tuukka Rask from Senators was sent back in the game.
19:28 of 3rd period - Tomas Hertl wins face-off versus Derick Brassard in Senators zone.
19:35 of 3rd period - Senators, Tuukka Rask is pulled from the net.
19:35 of 3rd period - Shot by Drew Doughty.
19:35 of 3rd period - Shot Blocked by Deryk Engelland.
19:37 of 3rd period - Shot by Drew Doughty.
19:37 of 3rd period - Stopped by Jake Allen without a rebound.
19:38 of 3rd period - Tyler Seguin wins face-off versus Tomas Hertl in Avalanche zone.
Goals for this period are 1 for Avalanche vs 2 for Senators.
Shots for this period are 4 for Avalanche vs 13 for Senators.